 Dungeon Crawl Stone Soup version 0.27-a0-412-g8dd771eca2 (webtiles) character file.

Game seed: 1477207132278895397

2356 Morbidden the Skirmisher (level 9, -3/69 HPs)
             Began as a Demonspawn Monk on Feb 24, 2021.
             Splashed by Harold's acid (14 damage)
             ... on level 7 of the Dungeon.
             The game lasted 00:22:51 (12440 turns).

Morbidden the Skirmisher (Demonspawn Monk)         Turns: 12440, Time: 00:22:52

Health: -3/69      AC: -1    Str: 11    XL:     9   Next: 20%
Magic:  0/14       EV: 14    Int: 18    God:
Gold:   377        SH:  4    Dex: 15    Spells: 14/14 levels left

rFire    . . .     SeeInvis .   b - +0 long sword
rCold    + . .     Faith    .   (no shield)
rNeg     . . .     Spirit   +   x - +3 leather armour {rC+}
rPois    .         Reflect  .   (no helmet)
rElec    .         Harm     .   (no cloak)
rCorr    .         Rampage  .   (no gloves)
Will     .....                  (no boots)
Stlth    ++........             (no amulet)
HPRegen  0.21/turn              d - ring of wizardry
MPRegen  0.28/turn              e - ring of wizardry

@: corroded
A: talons 1, magic shield, magic regeneration, big brain 1, condensation shield
a: no special abilities


You were on level 7 of the Dungeon.
You visited 1 branch of the dungeon, and saw 7 of its levels.
You also visited: Sewer.

You collected 377 gold pieces.

Inventory:

Hand Weapons
 a - a +0 hunting sling
 b - a +0 long sword (weapon)
Missiles
 f - 183 stones
 l - 19 sling bullets
 t - 5 throwing nets
 w - 46 poisoned darts (quivered)
Armour
 u - the +2 robe of the Wicked Snail {rElec rN+ Will+}
   (You found it on level 4 of the Dungeon)

   It insulates you from electricity.
   It protects you from negative energy.
   It affects your willpower, your defense against some magical effects.
 x - a +3 leather armour of cold resistance (worn)
Jewellery
 d - a ring of wizardry (left hand)
 e - a ring of wizardry (right hand)
Wands
 i - a wand of iceblast (5)
 o - a wand of paralysis (3)
 s - a wand of polymorph (4)
 D - a wand of charming (10)
Scrolls
 h - 8 scrolls of teleportation
 j - 2 scrolls of enchant weapon {unknown}
 k - 9 scrolls of identify {unknown}
 p - a scroll of fog {unknown}
 q - 2 scrolls of fear {unknown}
 y - 2 scrolls of summoning {unknown}
 A - 2 scrolls of amnesia {unknown}
 C - a scroll of magic mapping
 F - 2 scrolls of immolation {unknown}
Potions
 c - a potion of mutation {unknown}
 g - a potion of heal wounds
 m - 4 potions of might {unknown}
 n - 2 potions of curing
 r - a potion of berserk rage
 v - 2 potions of cancellation {unknown}
 z - a potion of degeneration {unknown}
 B - a potion of magic {unknown}
 E - 2 potions of lignification {unknown}


   Skills:
 * Level 5.6 Fighting
 * Level 2.2 Long Blades
 + Level 5.4(5.8) Slings
 + Level 2.9(4.5) Throwing
 + Level 2.4 Armour
 * Level 4.8 Dodging
 + Level 2.6 Stealth
 + Level 1.2 Shields
 + Level 4.7 Unarmed Combat
 * Level 3.4 Spellcasting


You had 14 spell levels left.
You didn't know any spells.
Your spell library was empty.

Dungeon Overview and Level Annotations

Branches:
Dungeon (7/15)              Sewer (visited)
 Temple: D:4-7

Altars:
Fedhas
Wu Jian
Yredelemnul

Shops:
D:6 ::*

Annotations:
D:2 1 runed translucent door, Crazy Yiuf
D:4 3 runed translucent doors, exclusion: yak, Chiseanne's ghost, amateur DsWn; Sigmund; nano's ghost, amateur DgTm
D:5 exclusion: vampire
D:7 Harold


Innate Abilities, Weirdness & Mutations

You have sharp toenails.
When hurt, damage is shared between your health and your magic reserves.
You regenerate magic rapidly.
You have an unusually large brain. (Int +2)
A meltable shield of frost defends you. (SH +4)


Message History

There is an open door here.
There is a stone staircase leading up here.
You climb upwards.
Level annotation: exclusion: vampire
There is a stone staircase leading down here.
Unknown command.
Partly explored, can't reach some places.
You climb downwards.
There is a stone staircase leading up here.
There is an open door here.
There is a stone staircase leading down here.
You climb downwards.
An ogre comes into view. It is wielding a +0 giant spiked club.
The ogre shouts!
Found a robe and an inky potion.
Found a stone staircase leading down.
There is a stone staircase leading up here.
You hit the ogre. You claw the ogre.
The ogre is heavily wounded.
The ogre completely misses you.
You hit the ogre. You claw the ogre.
The ogre is severely wounded.
Harold the Weathered comes into view.
He is wielding a +0 hand axe of electrocution, wearing a +0 chain mail of fire resistance and carrying a wand of acid (4).
The ogre misses you.
You hit the ogre. Your kick misses the ogre.
The ogre is almost dead.
The ogre closely misses you.
You riposte.
You completely miss the ogre. Your kick misses the ogre.
The ogre is almost dead.
You hit the ogre.
You kill the ogre!
Harold zaps a wand.
The bolt of acid hits you!
You are splashed with acid!
Harold zaps a wand.
The bolt of acid misses you.
You see here a +0 giant spiked club.
Harold zaps a wand.
The bolt of acid hits you! The acid corrodes you!
You are splashed with acid!
Unknown command.
Harold zaps a wand.
The bolt of acid hits you!!
* * * LOW HITPOINT WARNING * * *
The acid corrodes you!
You are splashed with acid!
You die...

###########
...[@...@<#
.......!........>
..#.####.#####.##
# #.# #.# ..# ###


You could see Harold.

Vanquished Creatures
  Prince Ribbit (D:6)
  Edmund (D:6)
  An ice beast (D:5)
  A hornet zombie (D:6)
  3 ogres
  A centaur (D:6)
  A phantom (D:3)
  A kobold brigand (D:6)
  2 bullfrogs
  3 scorpions
  A wight (D:6)
  2 howler monkeys
  3 jellies
  A quasit (D:6)
  2 bullfrog skeletons (D:6)
  2 gnoll shamans (D:4)
  Ijyb (D:4)
  2 orc wizards (D:4)
  3 worker ants
  3 adders
  44 gnolls
  An ooze (D:4)
  3 worms
  A dart slug (D:2)
  6 leopard geckos (D:6)
  16 orcs
  8 giant cockroaches
  2 goblins
  4 hobgoblins
  29 jackals
  7 ball pythons
  A bat (D:3)
  3 frilled lizards
  33 kobolds
  A leopard gecko skeleton (D:6)
  6 rats
200 creatures vanquished.

Vanquished Creatures (others)
  A killer bee zombie (D:6)
  An adder skeleton (D:6)
  A kobold (D:6)
  70 plants
  7 withered plants (D:4)
80 creatures vanquished.

Grand Total: 280 creatures vanquished

Notes
Turn   | Place    | Note
-------+----------+-------------------------------------------
     0 | D:1      | Morbidden the Demonspawn Monk began the quest for the Orb.
     0 | D:1      | Reached XP level 1. HP: 18/18 MP: 1/1
  1239 | D:2      | Found an ornate altar of the Wu Jian Council.
  1286 | D:2      | Gained mutation: You have an unusually large brain. (Int
                  | +2) [demonic ancestry]
  1286 | D:2      | Reached XP level 2. HP: 20/24 MP: 2/2
  1809 | D:2      | Gained mutation: You regenerate magic rapidly. [demonic
                  | ancestry]
  1809 | D:2      | Reached XP level 3. HP: 29/29 MP: 3/3
  1974 | D:2      | Found a runed translucent door.
  1975 | D:2      | Noticed Crazy Yiuf
  2162 | D:3      | Found a faded altar of an unknown god.
  2200 | D:3      | Reached skill level 1 in Slings
  2380 | D:3      | Found a blossoming altar of Fedhas.
  3167 | D:4      | Gained mutation: A meltable shield of frost defends you.
                  | (SH +4) [demonic ancestry]
  3167 | D:4      | Reached XP level 4. HP: 35/35 MP: 4/4
  3441 | D:4      | Got an ancient robe
  3455 | D:4      | Identified the +2 robe of the Wicked Snail {rElec rN+
                  | Will+} (You found it on level 4 of the Dungeon)
  3828 | D:4      | Noticed Ijyb
  3848 | D:4      | Killed Ijyb
  3849 | D:4      | Gained mutation: When hurt, damage is shared between your
                  | health and your magic reserves. [demonic ancestry]
  3849 | D:4      | Reached XP level 5. HP: 39/42 MP: 5/5
  4051 | D:4      | Reached skill level 1 in Throwing
  4087 | D:4      | Reached skill level 1 in Armour
  4340 | D:4      | Noticed a phantom
  4477 | D:4      | Found a runed translucent gate.
  4478 | D:4      | Found a runed translucent gate.
  4481 | D:4      | Noticed nano's ghost (amateur DgTm)
  4482 | D:4      | Found a runed translucent gate.
  4482 | D:4      | Noticed Chiseanne's ghost (amateur DsWn)
  4489 | D:4      | Found a basalt altar of Yredelemnul.
  4765 | D:4      | Reached XP level 6. HP: 29/48 MP: 6/6
  4911 | D:4      | Noticed Sigmund
  5295 | D:3      | Reached skill level 1 in Spellcasting
  5528 | D:5      | Entered Level 5 of the Dungeon
  6952 | D:4      | Gained mutation: You have sharp toenails. [demonic
                  | ancestry]
  6952 | D:4      | Reached XP level 7. HP: 53/55 MP: 9/9
  8817 | D:4      | Noticed a yak
  9032 | D:5      | Noticed a vampire
  9102 | D:5      | Reached XP level 8. HP: 38/61 MP: 9/11
  9444 | D:5      | Reached skill level 5 in Fighting
  9444 | D:5      | Reached skill level 1 in Shields
  9817 | D:6      | Found Nanytuyc's Assorted Antiques.
  9823 | D:6      | Noticed Edmund
  9844 | D:6      | Killed Edmund
  9845 | D:6      | Reached skill level 5 in Slings
  9938 | D:6      | Found a glowing drain.
  9944 | Sewer    | Entered a sewer
 10718 | D:6      | Found Girhoik's Book Emporium.
 10908 | D:6      | Noticed Prince Ribbit
 10995 | D:6      | Killed Prince Ribbit
 11207 | D:6      | Reached skill level 1 in Long Blades
 11522 | D:6      | Reached XP level 9. HP: 62/68 MP: 11/13
 11768 | D:6      | Found Cafubou's Book Shoppe.
 12435 | D:7      | Noticed Harold
 12440 | D:7      | Splashed by Harold's acid

Illustrated notes

Levels and vault maps discovered:
D:1:      co_arrival_random_square_maze, layout_loops_corners
D:2:      layout_rooms, nzn_wu_jian_contemplation, minmay_tromino_i2,
          uniq_crazy_yiuf_cottage
D:3:      layout_loops_cross, chequers_ecumenical_altar_simple_redux,
          st_stairs_5, fedhas_altar_4
D:4:      lemuel_castle_with_subvaults [lemuel_castle_interior_original],
          layout_layer_cave, yredelemnul_altar_generic,
          gammafunk_ghost_cemetery, uniq_ijyb, uniq_sigmund
D:5:      layout_rooms
D:6:      kennysheep_kobold_camp, layout_gridville, gup_sewer_entry_bubbles,
          serial_shops, shop, nicolae_shop_overgrown_old_shop, shop,
          minmay_circle_x, uniq_prince_ribbit1, uniq_edmund
D:7:      layout_basic, chequers_temple_overflow_minitemple,
          minmay_temple_entry_mini_moons, serial_shops, shop,
          chequers_serial_rivers_micro_e, uniq_harold

Skill      XL: |  1  2  3  4  5  6  7  8  9 |
---------------+----------------------------+-----
Dodging        | 3 4 |  4.8
Unarmed Combat | 3 4 |  4.7
Slings         | 1 2 4 5 |  5.4
Throwing       | 1 2 |  2.9
Armour         | 1 2 |  2.4
Fighting       | 4 5 |  5.6
Spellcasting   | 1 2 3 |  3.4
Stealth        | 2 |  2.6
Shields        | 1 |  1.2
Long Blades    | 1 2 |  2.2

Action                   |  1- 3 |  4- 6 |  7- 9 || total
-------------------------+-------+-------+-------++-------
Melee: Unarmed           |    49 |   120 |    96 ||   265
       Punch             |     2 |     2 |     6 ||    10
       Kick              |       |       |    58 ||    58
       Long sword        |       |       |    97 ||    97
 Fire: Hunting sling     |    93 |   234 |   360 ||   687
Throw: Dart              |    21 |    35 |    65 ||   121
       Stone             |       |       |    23 ||    23
       Throwing net      |       |       |     1 ||     1
Evoke: Wand              |       |       |     7 ||     7
  Use: Potion            |       |     2 |       ||     2
       Scroll            |       |       |     2 ||     2
 Stab: Paralysed         |       |       |    11 ||    11
       Sleeping          |       |       |     5 ||     5
       Held in net/web   |       |       |     1 ||     1
Armor: Ring mail         |    31 |    22 |       ||    53
       Leather armour    |       |    34 |    84 ||   118
Dodge: Dodged            |    58 |   154 |   233 ||   445
Block: Other             |       |    36 |    57 ||    93
       Rpst.: Long sword |       |       |    32 ||    32

Table legend: (Time is in decaauts)
 A = Elapsed time spent in this place.
 B = Non-inter-level travel time spent in this place.
 C = Inter-level travel time spent in this place.
 D = Time resting spent in this place.
 E = Time spent auto-exploring this place.
 F = Levels seen in this place.
 G = Mean time per level.
                   A        B        C        D        E       F      G
               +--------+--------+--------+--------+--------+-----+--------+
         Total |  12684 |  12173 |    511 |   1792 |   7570 |   8 | 1585.5 |
       Dungeon |  11836 |  11325 |    511 |   1792 |   6968 |   7 | 1690.9 |
         Sewer |    848 |    848 |      0 |      0 |    601 |   1 |  848.0 |
               +--------+--------+--------+--------+--------+-----+--------+

Top non-repeatable levels by time:
     D:4: 4069 daAuts
     D:3: 2772 daAuts
     D:6: 2037 daAuts
     D:1: 1188 daAuts
     D:2: 963 daAuts
   Sewer: 848 daAuts
     D:5: 797 daAuts
     D:7: 8 daAuts
